 Dungeon Crawl Stone Soup version 0.20.1-1-g8b1a95d (webtiles) character file.

182 Lanoc the Chucker (level 5, -6/49 HPs)
             Began as a Troll Assassin on Dec 9, 2017.
             Mangled by an orc warrior
             ... wielding a +0 halberd of chopping
              (11 damage)
             ... on level 3 of the Dungeon.
             The game lasted 00:07:41 (2029 turns).

Lanoc the Chucker (Troll Assassin)                  Turns: 2029, Time: 00:07:41

Health: -6/49      AC:  6    Str: 19    XL:     5   Next: 34%
Magic:  4/4        EV: 10    Int:  7    God:
Gold:   223        SH:  0    Dex: 12    Spells: 4/4 levels left

rFire    . . .     SeeInvis .     - Unarmed
rCold    . . .     Gourm    +   (no shield)
rNeg     . . .     Faith    .   c - +0 robe
rPois    +         Spirit   .   (helmet restricted)
rElec    .         Reflect  .   d - +0 cloak
rCorr    .         Harm     .   (gloves unavailable)
MR       .....                  (boots unavailable)
Stlth    ++........             (no amulet)
Regen    0.6/turn               l - ring of poison resistance
MPRegen  0.1/turn               (no ring)

@: no status effects
A: unfitting armour, claws 3, fast metabolism 3, gourmand, regeneration 1,
shaggy fur 1, tough skin 2
a: no special abilities


You were on level 3 of the Dungeon.
You were completely stuffed.

You visited 1 branch of the dungeon, and saw 3 of its levels.

You collected 223 gold pieces.

Inventory:

Hand Weapons
 b - a +0 blowgun
Missiles
 e - 23 poisoned needles
 f - 2 curare-tipped needles
Armour
 c - a +0 robe (worn)
 d - a +0 cloak (worn)
 h - a +0 cloak
Jewellery
 l - a ring of poison resistance (left claw)
 m - an uncursed amulet of faith
Scrolls
 i - a scroll of fog {unknown}
 j - a scroll of amnesia {unknown}
 o - a scroll of identify {unknown}
 p - a scroll of remove curse {unknown}
 q - a scroll of teleportation {unknown}
 t - a scroll of fear {unknown}
 v - a scroll of immolation {unknown}
 w - a scroll of recharging {unknown}
Potions
 k - a potion of haste {unknown}
 n - a potion of brilliance {unknown}
 r - 4 potions of mutation {unknown}
 s - a potion of agility {unknown}
 x - 6 potions of flight {unknown}
 z - a potion of curing {unknown}
 A - a potion of ambrosia {unknown}
Comestibles
 a - 3 meat rations
 g - 4 bread rations
 u - a chunk of flesh


   Skills:
 + Level 2.3 Fighting
   Level 1.5 Short Blades
 + Level 2.8 Throwing
 + Level 2.0 Dodging
 + Level 2.5 Stealth
 + Level 2.2 Unarmed Combat


You had 4 spell levels left.
You didn't know any spells.

Dungeon Overview and Level Annotations

Branches:
Dungeon (3/15)

Altars:
Kikubaaqudgha


Innate Abilities, Weirdness & Mutations

You are too large for most types of armour.
You have claws for hands.
Your metabolism is lightning-fast.
You like to eat raw meat.
Your natural rate of healing is unusually fast.
You are covered in fur. (AC +1)
You have very tough skin. (AC +2)


Message History

You see here a leopard gecko corpse.
You barely miss the orc warrior.
The orc warrior hits you with a halberd of chopping!
The orc wizard gestures wildly while chanting.
The orc wizard seems to speed up.
You closely miss the orc warrior. The orc warrior barely misses you.
You scratch the orc warrior but do no damage.
The orc wizard gestures wildly while chanting.
The orc wizard blinks!
The orc warrior hits you with a halberd of chopping!
You closely miss the orc warrior.
The orc warrior hits you with a halberd of chopping!!
* * * LOW HITPOINT WARNING * * *
x2
Okay, then.
The orc wizard casts a spell.
The orc wizard blinks!
The orc wizard completely misses you.
You closely miss the orc wizard.
The orc warrior hits you from afar with a halberd of chopping!
You die...

#. ## ....###. #.
.# ........ #o#.#
>....##. ... ....
#. #.# ... #. #o#
.. #. #o# # #.##.
#.########## #....
#@##.......# #####
#o##.#####.#
#.......##.#
####.##.##.#######
#(##...........
#.......#######
#########


You could see an orc warrior, an orc priest and 2 orc wizards.

Vanquished Creatures
  The ghost of Artikas the Skirmisher, an amateur MiFi (D:3)
  3 adders
  3 worms
  2 dart slugs
  4 leopard geckos
  2 giant cockroaches (D:2)
  7 goblins
  8 hobgoblins
  2 quokkas (D:2)
  A ball python (D:1)
  5 bats
  3 frilled lizards (D:2)
  3 kobolds
  9 rats
53 creatures vanquished.

Notes
Turn   | Place    | Note
-------+----------+-------------------------------------------
     0 | D:1      | Lanoc the Troll Assassin began the quest for the Orb.
     0 | D:1      | Reached XP level 1. HP: 19/19 MP: 0/0
    74 | D:1      | Reached skill level 1 in Dodging
   183 | D:1      | Reached XP level 2. HP: 25/28 MP: 1/1
   622 | D:2      | Reached XP level 3. HP: 29/35 MP: 2/2
   970 | D:2      | Found an ancient bone altar of Kikubaaqudgha.
  1187 | D:2      | Reached skill level 1 in Unarmed Combat
  1251 | D:2      | Reached XP level 4. HP: 37/42 MP: 3/3
  1536 | D:3      | Found a faded altar of an unknown god.
  1599 | D:3      | Noticed Artikas's ghost (amateur MiFi)
  1614 | D:3      | Killed Artikas's ghost
  1614 | D:3      | Reached XP level 5. HP: 11/49 MP: 4/4
  2017 | D:3      | Noticed an orc warrior
  2029 | D:3      | Mangled by an orc warrior

Skill      XL: |  1  2  3  4  5 |
---------------+----------------+-----
Dodging        | 1 2 |  2.0
Throwing       | 2 |  2.8
Fighting       | 2 |  2.3
Unarmed Combat | 1 2 |  2.2
Short Blades   | |  1.5
Stealth        | |  2.5

Action                   |  1- 3 |  4- 6 || total
-------------------------+-------+-------++-------
Melee: Unarmed           |   102 |    67 ||   169
 Stab: Sleeping          |     6 |     2 ||     8
  Eat: Chunk             |    17 |     7 ||    24
Armor: Robe              |    33 |    28 ||    61
Dodge: Dodged            |    52 |    29 ||    81
